 Dungeon Crawl Stone Soup version 0.24.1-11-gbbbb2193e6 (webtiles) character file.

Game seed: 791783219167251888, levelgen mode: deterministic

1427 RaHiT the Frost Mage (level 8, -1/66 HPs)
             Began as a Grey Draconian Ice Elementalist on May 11, 2020.
             Was a Believer of Sif Muna.
             Slain by Menkaure (4 damage)
             ... on level 6 of the Dungeon.
             The game lasted 00:32:13 (4783 turns).

RaHiT the Frost Mage (DrIE)                         Turns: 4783, Time: 00:32:14

Health: -1/66      AC: 25    Str: 11    XL:     8   Next: 44%
Magic:  9/15       EV: 13    Int: 17    God:    Sif Muna [**....]
Gold:   162        SH:  0    Dex: 12    Spells: 5/17 levels left

rFire    . . .     SeeInvis .   r - +2 falchion (holy)
rCold    . . .     Gourm    .   (no shield)
rNeg     . . .     Faith    .   (armour unavailable)
rPois    .         Spirit   .   w - +2 hat
rElec    .         Reflect  .   (no cloak)
rCorr    +         Harm     .   E - +1 pair of gloves
MR       .....                  (no boots)
Stlth    ++........             (no amulet)
HPRegen  0.21/turn              l - +4 ring of protection
MPRegen  0.14/turn              y - ring of resist corrosion

@: icy armour
A: walk through water, unfitting armour, unbreathing, cold-blooded, AC +11
a: Channel Magic, Renounce Religion


You were on level 6 of the Dungeon.
You worshipped Sif Muna.
Sif Muna was pleased with you.
You were not hungry.

You visited 2 branches of the dungeon, and saw 7 of its levels.

You collected 186 gold pieces.
You spent 24 gold pieces at shops.

Inventory:

Hand Weapons
 p - a +0 hunting sling
 r - a +2 falchion of holy wrath (weapon)
 s - a +5 club
 v - a +4 war axe
 A - a +2 mace of crushing
 J - a +0 long sword
 L - a +5 long sword
 M - a +3 scimitar of freezing
Missiles
 a - 71 poisoned darts (quivered)
 e - 178 stones
 o - 53 sling bullets
 u - 15 bolts
 K - 2 throwing nets
Armour
 g - a +0 large shield
 w - a +2 hat (worn)
 E - a +1 pair of gloves (worn)
Jewellery
 l - a +4 ring of protection (left hand)
 y - a ring of resist corrosion (right hand)
Wands
 F - a wand of flame (12)
 G - a wand of enslavement (7)
Scrolls
 c - 2 scrolls of remove curse
 j - a scroll of immolation
 k - 2 scrolls of enchant weapon
 n - 2 scrolls of fog
 x - a scroll of enchant armour
 z - a scroll of blinking
 B - 2 scrolls of fear
Potions
 d - 3 potions of curing
 h - 2 potions of agility
 i - a potion of degeneration {unknown}
 m - 3 potions of heal wounds {unknown}
 q - a potion of magic {unknown}
 t - 3 potions of resistance {unknown}
 C - a potion of mutation {unknown}
 D - a potion of lignification {unknown}
 H - 3 potions of ambrosia {unknown}
 I - a potion of flight {unknown}
Comestibles
 b - 8 rations
 f - 2 chunks of flesh


   Skills:
 + Level 3.7 Fighting
 - Level 3.0 Dodging
 - Level 2.0 Stealth
 - Level 5.0 Spellcasting
 - Level 1.0 Conjurations
 + Level 1.8 Summonings
 * Level 8.0 Ice Magic


You had 5 spell levels left.
You knew the following spells:

 Your Spells              Type           Power        Failure   Level  Hunger
a - Freeze                Ice            ####         1%          1    None
b - Ozocubu's Armour      Chrm/Ice       ###.....     9%          3    ###....
c - Summon Ice Beast      Ice/Summ       ###.....     19%         4    ####...
d - Throw Icicle          Conj/Ice       ###.....     22%         4    ####...

Your spell library contained the following spells:

 Spells                   Type           Power        Failure   Level  Hunger
 Throw Frost              Conj/Ice       ###...       3%          2    #......


Dungeon Overview and Level Annotations

Branches:
Dungeon (6/15)             Temple (1/1) D:4

Altars:
Ashenzari
Cheibriados
Dithmenos
Elyvilon
Fedhas
Gozag
Hepliaklqana
Kikubaaqudgha
Ru
Sif Muna
Uskayaw
Vehumet
Wu Jian
Xom
Yredelemnul
Zin
The Shining One

Shops:
D:5 ?   D:6 !

Annotations:
D:5 1 transporter, Looknius's ghost, amateur GnAK
D:6 1 runed translucent door, Crazy Yiuf; Menkaure


Innate Abilities, Weirdness & Mutations

You can walk through water.
Your dull iron-grey scales are very hard. (AC +11)
You cannot fit into any form of body armour.
You can survive without breathing.
You are cold-blooded and may be slowed by cold attacks.


Message History

Your ice beast dies!
Evoke which item? (* to show all) (? for menu, Esc to quit)
Okay, then.
Casting: Summon Ice Beast (slightly dangerous; 19% risk of failure)
Confirm with . or Enter, or press ? or * to list all spells.
Okay, then.
Casting: Summon Ice Beast (slightly dangerous; 19% risk of failure)
Confirm with . or Enter, or press ? or * to list all spells.
A film of ice covers your body!
You barely miss Menkaure.
Menkaure is heavily damaged.
Menkaure gestures at you while chanting.
Pain shoots through your body!
* * * LOW HITPOINT WARNING * * *
Menkaure hits you!
* * * LOW HITPOINT WARNING * * *
You hit Menkaure but do no damage.
Menkaure is heavily damaged.
Menkaure hits you.
You die...

#.# #.#
##.####.#.....
##.####.##
#.........#
#........#
#..####.###
##.####..# #..#
#.# ###
##..###..# #.#
#........####.#
#....)>.......#
#.#.####.######
#...M@...#
#.#.######
#.#.# . #.# ##
#M# #.# >.. #.


You could see Menkaure.

Vanquished Creatures
  A water moccasin (D:6)
  The ghost of FTLSpaceWarp the Covert, an amateur SpAs (D:3)
  2 sky beasts
  A phantom (D:4)
  An ice beast (D:5)
  A scorpion (D:4)
  3 wights (D:6)
  A jelly (D:5)
  A hound (D:5)
  3 orc wizards
  An orc priest (D:5)
  A centaur skeleton (D:5)
  Jessica (D:2)
  Terence (D:2)
  A worker ant (D:2)
  9 gnolls (D:5)
  9 adders
  3 oozes
  An adder skeleton (D:6)
  A worm (D:2)
  4 dart slugs
  2 leopard geckos (D:6)
  15 orcs
  4 giant cockroaches
  23 goblins
  13 hobgoblins
  2 jackals (D:3)
  3 quokkas
  2 ball pythons
  12 bats
  4 frilled lizards
  A giant cockroach zombie (D:6)
  18 kobolds
  6 rats
152 creatures vanquished.

Vanquished Creatures (collateral kills)
  A centaur (D:5)
  A worker ant (D:5)
  A kobold (D:5)
3 creatures vanquished.

Vanquished Creatures (others)
  A quokka zombie (D:5)
1 creature vanquished.

Grand Total: 156 creatures vanquished

Notes
Turn   | Place    | Note
-------+----------+-------------------------------------------
     0 | D:1      | RaHiT the Draconian Ice Elementalist began the quest for
                  | the Orb.
     0 | D:1      | Reached XP level 1. HP: 14/14 MP: 3/3
   199 | D:1      | Reached XP level 2. HP: 14/20 MP: 1/5
   830 | D:1      | Reached XP level 3. HP: 26/26 MP: 3/6
   835 | D:1      | Learned a level 3 spell: Ozocubu's Armour
   990 | D:2      | Reached skill level 4 in Ice Magic
  1083 | D:2      | Reached XP level 4. HP: 25/33 MP: 5/7
  1208 | D:2      | Noticed Terence
  1239 | D:2      | Killed Terence
  1239 | D:2      | Reached skill level 5 in Ice Magic
  1291 | D:2      | Noticed Jessica
  1299 | D:2      | Killed Jessica
  1299 | D:2      | Reached XP level 5. HP: 15/38 MP: 0/8
  1598 | D:3      | Reached skill level 6 in Ice Magic
  1696 | D:3      | Found a runed translucent door.
  1699 | D:3      | Noticed FTLSpaceWarp's ghost (amateur SpAs)
  1740 | D:3      | Killed FTLSpaceWarp's ghost
  1740 | D:3      | Reached XP level 6. HP: 45/45 MP: 6/9
  2000 | D:3      | Found an ornate altar of the Wu Jian Council.
  2502 | D:4      | Reached skill level 7 in Ice Magic
  2758 | D:4      | Found a staircase to the Ecumenical Temple.
  2763 | Temple   | Entered the Ecumenical Temple
  2788 | Temple   | Became a worshipper of Sif Muna the Loreminder
  3310 | D:4      | Your scales start taking on a dull iron-grey colour.
  3310 | D:4      | Reached XP level 7. HP: 50/50 MP: 8/12
  3310 | D:4      | Gained mutation: You can survive without breathing. [Grey
                  | Draconian growth]
  3637 | D:5      | Entered Level 5 of the Dungeon
  3685 | D:5      | Reached skill level 1 in Fighting
  3833 | D:5      | Found a transporter.
  3834 | D:5      | Noticed Looknius's ghost (amateur GnAK)
  3834 | D:5      | Identified the +7 great mace of Nihacoiff {crush, MR+ Str-3
                  | Stlth+}
  3851 | D:5      | Found a radiant altar of Vehumet.
  3898 | D:5      | Learned a level 4 spell: Summon Ice Beast
  3903 | D:5      | Learned a level 4 spell: Throw Icicle
  3976 | D:5      | Found Fagraliy's Magic Scroll Shoppe.
  3988 | D:5      | Bought a scroll of identify for 24 gold pieces
  4023 | D:5      | Found a blossoming altar of Fedhas.
  4025 | D:5      | Found an opulent altar of Gozag.
  4034 | D:5      | Reached skill level 5 in Spellcasting
  4129 | D:5      | Reached * piety under Sif Muna
  4138 | D:5      | Reached XP level 8. HP: 53/62 MP: 6/15
  4472 | D:5      | Reached ** piety under Sif Muna
  4530 | D:6      | Found a sacrificial altar of Ru.
  4550 | D:6      | Reached skill level 1 in Summonings
  4565 | D:6      | Found Zabryke's Distillery.
  4616 | D:6      | Reached skill level 8 in Ice Magic
  4667 | D:6      | Found a runed translucent door.
  4668 | D:6      | Noticed Crazy Yiuf
  4769 | D:6      | Noticed Menkaure
  4782 | D:6      | HP: 3/66 [Menkaure (7)]
  4783 | D:6      | Slain by Menkaure

Levels and vault maps discovered:
D:1:      dpeg_arrival_chase, layout_basic
D:2:      layout_rooms, uniq_jessica, uniq_terence
D:3:      layout_basic, lemuel_doored_altar, first_ration, gammafunk_ghost_grave
D:4:      layout_basic, minmay_temple_entry_crystal_x
D:5:      corexii_shantytown, layout_rooms, fiery_altar_vehumet,
          grunt_temple_overflow_open, serial_shops, nicolae_shop_trees,
          gammafunk_ghost_smash
D:6:      layout_loops_ring, grunt_qazlal_clouds, nicolae_ru_awakened_eye,
          serial_shops, nicolae_shop_stone, uniq_crazy_yiuf_cottage,
          uniq_blork_the_orc, uniq_menkaure
Temple:   minmay_temple_forest_path

Skill      XL: |  1  2  3  4  5  6  7  8 |
---------------+-------------------------+-----
Dodging        | 2 3 |  3.0
Stealth        | 2 |  2.0
Ice Magic      | 4 5 6 7 8 |  8.0
Spellcasting   | 3 5 |  5.0
Fighting       | 2 3 |  3.7
Summonings     | 1 |  1.8
Conjurations   | |  1.0

Action                   |  1- 3 |  4- 6 |  7- 9 || total
-------------------------+-------+-------+-------++-------
Melee: Unarmed           |    17 |     2 |       ||    19
       Tailslap          |     5 |     8 |    18 ||    31
       Falchion          |       |    17 |    25 ||    42
       Club              |       |    87 |    16 ||   103
       Mace              |       |       |   148 ||   148
       Scimitar          |       |       |     6 ||     6
Throw: Stone             |    22 |       |       ||    22
       Dart              |    17 |    60 |    31 ||   108
 Cast: Freeze            |    37 |    25 |    26 ||    88
       Ozocubu's Armour  |       |     4 |    10 ||    14
       Summon Ice Beast  |       |       |     4 ||     4
  Use: Scroll            |       |       |    10 ||    10
 Stab: Distracted        |       |       |     1 ||     1
       Sleeping          |       |       |     1 ||     1
  Eat: Chunk             |     1 |     8 |     7 ||    16
Armor: Skin              |    23 |    64 |    99 ||   186
Dodge: Dodged            |    43 |    84 |   171 ||   298
       Rpst.: Falchion   |       |     7 |     4 ||    11
       Scimitar          |       |       |     3 ||     3
